 Dungeon Crawl Stone Soup version 0.25.0-10-g039870ee82 (webtiles) character file.

Game seed: 9119174881458147639

39 Lepercus the Skirmisher (level 3, 0/29 HPs)
             Began as a Human Fighter on June 23, 2020.
             Slain by a goblin (2 damage)
             ... led by Robin
             ... on level 2 of the Dungeon.
             The game lasted 00:04:32 (607 turns).

Lepercus the Skirmisher (Human Fighter)              Turns: 607, Time: 00:04:33

Health: 0/29       AC:  6    Str: 17    XL:     3   Next: 67%
Magic:  3/3        EV:  7    Int:  8    God:
Gold:   45         SH:  9    Dex: 12    Spells: 2/2 levels left

rFire    . . .     SeeInvis .   a - +0 long sword
rCold    . . .     Gourm    .   c - +0 kite shield
rNeg     . . .     Faith    .   b - +0 scale mail
rPois    .         Spirit   .   (no helmet)
rElec    .         Reflect  .   (no cloak)
rCorr    .         Harm     .   (no gloves)
MR       .....                  (no boots)
Stlth    ..........             (no amulet)
HPRegen  0.09/turn              (no ring)
MPRegen  0.08/turn              (no ring)

@: mighty, very slightly contaminated, invisible
A: no striking features
a: no special abilities


You were on level 2 of the Dungeon.
You were not hungry.

You visited 1 branch of the dungeon, and saw 2 of its levels.

You collected 45 gold pieces.

Inventory:

Hand Weapons
 a - a +0 long sword (weapon)
Armour
 b - a +0 scale mail (worn)
 c - a +0 kite shield (worn)
Jewellery
 m - a cursed ring of attention
Scrolls
 g - a scroll of identify
 l - a scroll of enchant armour {unknown}
 n - a scroll of amnesia {unknown}
Potions
 k - a potion of heal wounds {unknown}
Comestibles
 f - 2 rations


   Skills:
 + Level 3.4 Fighting
 + Level 2.3 Long Blades
 + Level 3.3 Armour
 + Level 0.3 Dodging
 + Level 3.4 Shields


You had 2 spell levels left.
You didn't know any spells.
Your spell library was empty.

Dungeon Overview and Level Annotations

Branches:
Dungeon (2/15)

Altars:

Annotations:
D:2 Robin


Message History

The goblin wields a +0 hunting sling.
The goblin shoots a stone.
The stone closely misses the goblin.
The stone hits you.
* * * LOW HITPOINT WARNING * * *
The goblin hits you but does no damage. x2
Robin roars a battlecry!
The goblin goes into a battle-frenzy!
You are very lightly contaminated with residual magic.
You strike the helpless goblin from behind!
You slash the goblin!
You kill the goblin!
The goblin no longer looks unusually strong.
The goblin shoots a stone.
The stone hits the goblin.
The goblin dies!
The goblin hits you.
* * * LOW HITPOINT WARNING * * *
You slash Robin!
Robin is almost dead.
The goblin no longer looks unusually strong. x2
You block the goblin's attack. You block the rat's attack. The goblin hits you.
You die...

#........# *,* *,*,,,*,,*,*
#........##*,***,*,,,,,,,,**
#...K......,,,,,,,.,,,,,,,,*
#........##*,**,,..,,*,,**,*
*#####.........,,,,,,...,,*,,**,*
,...........,.##*,**...,*,*,,**,,
,.........###..,,,,.(,,,,,*,,****
,.......<..#K#####.#*,*,,**,,****
,...........wgSr@g.#,,,,,**,,,,,,
,.....$...!g#####g.g....,,,,,,,,,
<......<....# *.##....,***,,**,
,.).....r...#****..,,...,,,,,,,,*
,.............,,,...,,,.,****,,**
,..........###g**###.*,,,* *,,,*
*#.....##..#*,,.** *.#**,* ****,
,......*#.##,,,,,***,# *,* **
,,,,,,,,,,,,,,,,,,,,,* *,*****


You could see a worm, Robin, an adder, 4 goblins, a kobold and a rat.

Vanquished Creatures
  An adder (D:2)
  An ooze (D:1)
  3 bats
  7 goblins
  6 hobgoblins
  2 frilled lizards (D:1)
  2 kobolds (D:1)
  2 rats
24 creatures vanquished.

Vanquished Creatures (others)
  A goblin (D:2)
1 creature vanquished.

Grand Total: 25 creatures vanquished

Notes
Turn   | Place    | Note
-------+----------+-------------------------------------------
     0 | D:1      | Lepercus the Human Fighter began the quest for the Orb.
     0 | D:1      | Reached XP level 1. HP: 18/18 MP: 1/1
    70 | D:1      | Reached XP level 2. HP: 20/24 MP: 2/2
   412 | D:1      | Reached XP level 3. HP: 29/29 MP: 3/3
   588 | D:2      | Noticed Robin
   607 | D:2      | Slain by a goblin

Illustrated notes

Levels and vault maps discovered:
D:1:      giann_wishing_wells, layout_basic
D:2:      layout_loops_ring, columned_hall_lemuel, uniq_robin

Action                   || total
-------------------------++-------
Melee: Long sword        ||    79
  Use: Scroll            ||     3
       Potion            ||     2
 Stab: Invisible         ||     1
Armor: Scale mail        ||    66
Dodge: Dodged            ||    48
Block: Kite shield       ||    64
       Rpst.: Long sword ||    19
